AoeStats
← uditm999

Arena

510151541Analyzed
1v1 RM · 2d ago on Sep 29, 2026· 62m 49s· 2 players
Game mode
Random Map
Map size
Tiny (2 player)
Population
200
Speed
Normal
Resources
Standard
Victory
Conquest
Starting age
Dark Age
Ending age
Imperial Age
RankedLock teamsTeams togetherTeam positionsShared explorationLock speedFull tech treeHidden civsTurbo modeCheats
Victory
Defeat
🇮🇳 Portuguese · India
758
+17
🇨🇴 Spanish · Colombia
774
-39
uditm999
11:18 Feudal Age
12:22 Horse Collar
13:21 Double-Bit Axe
16:13 Castle Age
18:01 Heavy Plow
18:13 Bow Saw
24:18 Pikeman
24:20 Elite Skirmisher
26:20 Wheelbarrow
26:02 Fletching
26:22 Forging
27:00 Hand Cart
26:32 Town Watch
31:42 Imperial Age
29:05 Stone Mining
29:06 Gold Mining
29:38 Careening
29:38 Masonry
29:10 Treadmill Crane
29:45 Bodkin Arrow
30:25 Iron Casting
29:51 Scale Mail Armor
29:56 Scale Barding Armor
29:17 Light Cavalry
31:00 Stone Shaft Mining
31:11 Murder Holes
35:07 Blast Furnace
34:07 Bracer
34:23 Chain Mail Armor
34:22 Loom
34:38 Town Patrol
37:20 Ballistics
38:48 Crop Rotation
39:23 Two-Man Saw
39:10 Architecture
38:06 Halberdier
41:14 Chemistry
41:25 Arquebus
42:29 Plate Mail Armor
42:04 Scale Barding Armor
42:00 Padded Archer Armor
42:17 Siege Engineers
46:16 Chain Barding Armor
46:11 Leather Archer Armor
47:17 Conscription
46:18 Elite Organ Gun
47:36 Plate Barding Armor
46:52 Arson
51:07 Ring Archer Armor
51:18 Fortified Wall
51:32 Bombard Tower
57:56 Cavalier
58:38 Husbandry
58:18 Sappers
leo buitragoxbx
0:28 Loom
11:49 Feudal Age
12:20 Double-Bit Axe
12:27 Gold Mining
12:29 Stone Mining
13:10 Horse Collar
16:00 Wheelbarrow
22:31 Castle Age
21:10 Scale Barding Armor
21:30 Bloodlines
22:26 Forging
23:02 Town Watch
24:30 Stone Shaft Mining
23:58 Heavy Plow
24:57 Hand Cart
24:47 Husbandry
29:42 Chain Barding Armor
30:52 Iron Casting
40:01 Imperial Age
39:12 Town Patrol
41:27 Conscription
41:01 Cavalier
42:34 Sappers
44:35 Heavy Mounted Crossbowman
45:21 Thumb Ring
45:24 Padded Archer Armor
45:15 Fletching
46:25 Blast Furnace
45:26 Scale Mail Armor
47:37 Plate Barding Armor
47:21 Leather Archer Armor
50:48 Chemistry
50:09 Ballistics
50:00 Fortified Wall
49:46 Murder Holes
50:59 Bodkin Arrow
51:34 Ring Archer Armor
52:05 Blast Furnace
51:21 Chain Mail Armor
50:35 Paladin
52:31 Inquisition
52:53 Supremacy
53:10 Onager
58:56 Bracer
59:27 Plate Mail Armor
58:38 Elite Skirmisher
Connection lost

Rejoining the realm…

Still unreachable

The connection could not be restored.

Session expired

The server has moved on; the page needs a fresh start.